 Dungeon Crawl Stone Soup version 0.18-a0-1293-g5a2c81a (webtiles) character file.

235 nuthulu the Skirmisher (level 6, -9/40 HPs)
             Began as a Gargoyle Fighter on Feb 10, 2016.
             Killed by divine providence
             ... invoked by an orc priest
              (14 damage)
             ... on level 3 of the Dungeon.
             The game lasted 00:03:52 (2136 turns).

nuthulu the Skirmisher (Gargoyle Fighter)           Turns: 2136, Time: 00:03:52

Health: -9/40      AC: 12    Str: 24    XL:     6   Next: 5%
Magic:  6/6        EV:  7    Int:  9    God:
Gold:   91         SH:  9    Dex: 11    Spells: 0 memorised, 5 levels left

rFire  . . .     SeeInvis .     a - +0 flail
rCold  . . .     Gourm    .     b - +0 scale mail
rNeg   + . .     Faith    .     c - +0 shield
rPois  ∞         Spirit   .     (no helmet)
rElec  +         Dismiss  .     m - +0 cloak
rCorr  .         Reflect  .     (no gloves)
SustAt .         Harm     .     (no boots)
MR     +....                    (no amulet)
Stlth  ..........               (no ring)
                                h - ring of protection from magic

@: mighty, somewhat resistant to hostile enchantments, extremely unstealthy
A: negative energy resistance 1, electricity resistance, unbreathing,
petrification resistance, rot immunity, AC +4
a: no special abilities


You were on level 3 of the Dungeon.
You were not hungry.

You visited 1 branch of the dungeon, and saw 3 of its levels.

You collected 91 gold pieces.

Inventory:

Hand Weapons
 a - a +0 flail (weapon)
Armour
 b - a +0 scale mail (worn)
 c - a +0 shield (worn)
 m - a +0 cloak (worn)
Jewellery
 h - a ring of protection from magic (left hand)
Scrolls
 g - 2 scrolls of remove curse
Potions
 i - a potion of mutation {unknown}
 k - a potion of brilliance {unknown}
 l - a potion of flight {unknown}
Comestibles
 f - 3 bread rations


   Skills:
 + Level 5.6 Fighting
 + Level 4.4 Maces & Flails
 - Level 3.2 Armour
 - Level 3.2 Shields


You had 5 spell levels left.
You didn't know any spells.

Dungeon Overview and Level Annotations

Branches:
Dungeon (3/15)

Altars:
Ru


Innate Abilities, Weirdness & Mutations

You are resistant to torment.
Your stone body is resilient (AC +4).
You are immune to poison.
You resist negative energy.
You are resistant to electric shocks.
You can survive without breathing.
You are immune to petrification.
You are immune to rotting.


Message History

The orc priest hits you but does no damage.
The worm closely misses you.
Drink which item? (? for menu, Esc to quit)
You feel very mighty all of a sudden. The kobold hits you but does no damage.
The orc priest invokes the aid of Beogh against you.
Something smites you!
* * * LOW HITPOINT WARNING * * *
You hit the orc priest.
The orc priest is severely wounded.
The kobold hits you but does no damage. The worm bites you but does no damage.
The orc priest hits you with a flail.
* * * LOW HITPOINT WARNING * * *
Unknown command.
You completely miss the orc priest.
The orc priest is severely wounded.
The kobold hits you but does no damage.
The orc priest invokes the aid of Beogh against you.
Something smites you!
You die...

.##.#.......#
#.#.#.####.##
######### ...........#
#....(..#######
###.########
#.#####o....... ##...#
##### ####.# #..#####.
...#.# #...###....#
#..# ##...#
#....o.....# #..#
##.###
#..w###.#ow#####..##.#
#...#
##.###..#@K{o......?.#
#...# #.#
#.##.#######.......
#...#####)# #.##.#
###.##.
#.......ow###..... .#
#....####o........# .
............#.##..# #
............#.##...
............#..#..#
#....####...#..#..#.


You could see a worm, an orc priest, an orc and a kobold.

Vanquished Creatures
  Sigmund (D:3)
  An adder (D:2)
  2 oozes (D:1)
  3 worms
  5 giant geckos
  7 orcs (D:3)
  11 bats
  2 giant cockroaches
  5 goblins
  3 hobgoblins
  A quokka (D:2)
  A giant newt (D:2)
  5 kobolds
  6 rats
53 creatures vanquished.

Notes
Turn   | Place    | Note
--------------------------------------------------------------
     0 | D:1      | nuthulu the Gargoyle Fighter began the quest for the Orb.
     0 | D:1      | Reached XP level 1. HP: 14/14 MP: 1/1
   132 | D:1      | Reached XP level 2. HP: 19/19 MP: 2/2
   509 | D:1      | Reached XP level 3. HP: 18/24 MP: 3/3
   629 | D:1      | Reached skill level 4 in Fighting
  1252 | D:2      | Found a sacrificial altar of Ru.
  1326 | D:2      | Reached XP level 4. HP: 24/29 MP: 4/4
  1833 | D:3      | Noticed Sigmund
  1847 | D:3      | Killed Sigmund
  1847 | D:3      | Reached skill level 5 in Fighting
  1847 | D:3      | Reached XP level 5. HP: 21/35 MP: 5/5
  1847 | D:3      | Reached XP level 6. HP: 24/40 MP: 6/6
  2136 | D:3      | Killed from afar by an orc priest

Vault maps used:
D:1:      dpeg_arrival_shelter
D:2:      nicolae_ru_path_of_blood
D:3:      lemuel_doored_altar, nicolae_qazlal_eye_of_the_storm, uniq_sigmund

Action                   |  1- 3 |  4- 6 || total
-------------------------+-------+-------++-------
Melee: Flail             |   111 |    74 ||   185
  Use: Scroll            |     2 |     2 ||     4
       Potion            |       |     3 ||     3
  Eat: Chunk             |     1 |     3 ||     4
